 Dungeon Crawl Stone Soup version 0.28.0-1-gb440e238dd (webtiles) character file.

Game seed: 1295363682013981859

200 Peloso the Covered (level 5, -2/47 HPs)
             Began as a Minotaur Fighter on Feb 19, 2022.
             Killed by divine providence
             ... invoked by an orc priest
              (10 damage)
             ... on level 4 of the Dungeon.
             The game lasted 00:03:27 (2918 turns).

Peloso the Covered (Minotaur Fighter)               Turns: 2918, Time: 00:03:28

Health: -2/47      AC: 11    Str: 27    XL:     5   Next: 48%
Magic:  0/4        EV:  8    Int:  5    God:
Gold:   177        SH:  4    Dex: 11    Spells: 4/4 levels left

rFire   . . .      SeeInvis .   a - +0 falchion (elec)
rCold   . . .      Faith    .   c - +0 buckler
rNeg    . . .      Spirit   +   g - +0 chain mail
rPois   .          Reflect  .   (helmet restricted)
rElec   .          Harm     .   (no cloak)
rCorr   .          Rampage  .   (no gloves)
Will    .....                   f - +0 pair of boots
Stlth   ..........              m - amulet of guardian spirit
HPRegen 0.15/turn               n - +6 ring of strength
MPRegen 0.09/turn               (no ring)

@: no status effects
A: horns 2, retaliatory headbutt
a: no special abilities


You were on level 4 of the Dungeon.
You visited 1 branch of the dungeon, and saw 4 of its levels.

You collected 177 gold pieces.

Inventory:

Hand Weapons
 a - a +0 falchion of electrocution (weapon)
Armour
 b - a +0 scale mail
 c - a +0 buckler (worn)
 f - a +0 pair of boots (worn)
 g - a +0 chain mail (worn)
Jewellery
 m - an amulet of guardian spirit (around neck)
 n - a +6 ring of strength (left hand)
Scrolls
 h - a scroll of noise
 l - 2 scrolls of teleportation
Potions
 d - a potion of might
 e - a potion of haste {unknown}
 i - 2 potions of mutation {unknown}
 k - a potion of brilliance {unknown}
 o - a potion of invisibility {unknown}
 q - a potion of heal wounds {unknown}


   Skills:
 + Level 4.6 Fighting
 + Level 4.5 Long Blades
 + Level 5.1 Armour
 + Level 0.5 Dodging
 + Level 4.3 Shields


You had 4 spell levels left.
You didn't know any spells.
Your spell library was empty.

Dungeon Overview and Level Annotations

Branches:
Dungeon (4/15)
 Temple: D:4-7

Altars:
Wu Jian


Innate Abilities, Weirdness & Mutations

You have a pair of horns on your head.
You reflexively headbutt those who attack you in melee.


Message History

Unknown command.
Found 10 gold pieces.
The orc closely misses you.
The orc priest invokes the aid of Beogh against you.
Beogh smites you!
Items here: ( ) [ †.
You barely miss the orc priest. The orc hits you but does no damage.
The orc priest hits you but does no damage.
The orc hits you but does no damage. The orc hits you with a +0 hand axe.
Unknown command.
You closely miss the orc priest. Your headbutt misses the orc priest.
The orc priest looks satisfied for a moment.
The orc hits you but does no damage. You block the orc's attack.
Unknown command.
You closely miss the orc priest. The orc priest barely misses you.
The orc hits you with a +0 mace. The orc hits you with a +0 hand axe.
Unknown command.
You hit the orc priest but do no damage.
The orc priest calls down the wrath of Beogh upon you.
Pain shoots through your body!
* * * LOW HITPOINT WARNING * * *
The orc hits you but does no damage. The orc barely misses you.
Unknown command.
There are monsters nearby!
You hit the orc priest but do no damage.
The orc priest hits you but does no damage.
The orc barely misses you. The orc hits you but does no damage.
The orc priest hits you with a +0 flail.
* * * LOW HITPOINT WARNING * * *
Unknown command.
There are monsters nearby!
You hit the orc priest but do no damage.
Lightning courses through the orc priest!
You headbutt the orc priest, but do no damage.
The orc priest is severely wounded.
You block the orc's attack. The orc completely misses you.
You furiously retaliate!
You headbutt the orc!
You kill the orc!
The orc priest mumbles some strange prayers to Beogh against you.
Beogh smites you!
You die...

##'###########
#####............# #####
#.....<...†......# #....
#.##.............####.##.
#.#+#.................
#.#..........<####.#..
....#.######### #.#..
.#.#.#)# #.#..
..#...#@###### #.###
###.oo.....# #.#
...'........# #.#
.>..#........#######.#
$##................#.#
#..#############.#.# ....
#.#.### ###. #.#....
#.####.


You could see an orc priest and an orc.

Vanquished Creatures
  A hound (D:3)
  An iguana (D:2)
  Terence (D:3)
  An orc wizard (D:3)
  2 adders
  2 dart slugs
  6 orcs
  9 endoplasms
  A giant cockroach (D:1)
  3 hobgoblins
  12 jackals
  3 quokkas
  6 ball pythons
  2 bats
  3 frilled lizards
  5 kobolds
  8 rats
66 creatures vanquished.

Notes
Turn   | Place    | Note
-------+----------+-------------------------------------------
     0 | D:1      | Peloso the Minotaur Fighter began the quest for the Orb.
     0 | D:1      | Reached XP level 1. HP: 19/19 MP: 0/0
   278 | D:1      | Reached XP level 2. HP: 27/27 MP: 1/1
   286 | D:1      | Reached skill level 4 in Armour
  1256 | D:2      | You fall into a shaft and drop 1 floor!
  1261 | D:3      | Reached XP level 3. HP: 33/33 MP: 2/2
  1378 | D:3      | Reached XP level 4. HP: 40/40 MP: 3/3
  1630 | D:3      | Noticed Terence
  1641 | D:3      | Killed Terence
  1656 | D:3      | Reached XP level 5. HP: 33/47 MP: 4/4
  1927 | D:3      | Found a faded altar of an unknown god.
  1981 | D:3      | Found an ornate altar of the Wu Jian Council.
  2389 | D:2      | Reached skill level 5 in Armour
  2918 | D:4      | Killed from afar by an orc priest

Illustrated notes

Levels and vault maps discovered:
D:1:      dpeg_arrival_pond, layout_basic, minmay_misc_feat_rugged
D:2:      layout_basic
D:3:      layout_rooms, mainiacjoe_overflow_six_doors_small,
          hellmonk_ecumenical_altar_run_dry, uniq_terence
D:4:      layout_basic, nicolae_overflow_hidden_temple, amcnicky_altar_gilded,
          grunt_ministairs_14, solitary_fountain, minmay_misc_feat_tower,
          uniq_ijyb, uniq_eustachio

Skill      XL: |  1  2  3  4  5 |
---------------+----------------+-----
Armour         | 4 5 |  5.1
Shields        | 4 |  4.3
Fighting       | 4 |  4.6
Long Blades    | 3 4 |  4.5
Dodging        | |  0.5

Action                   |  1- 3 |  4- 6 || total
-------------------------+-------+-------++-------
Melee: Long sword        |    61 |    32 ||    93
       Headbutt          |     6 |    12 ||    18
       Falchion          |       |    55 ||    55
  Use: Scroll            |       |     3 ||     3
Armor: Scale mail        |    13 |       ||    13
       Chain mail        |    20 |    51 ||    71
Dodge: Dodged            |    23 |    34 ||    57
Block: Buckler           |    10 |    20 ||    30
